 Dungeon Crawl Stone Soup version 0.25-a0-110-ge29c8f2358 (webtiles) character file.

Game seed: 7331298866207581293, levelgen mode: deterministic

15157 Leeroy the Fighter (level 11, -6/156 HPs)
             Began as a Yellow Draconian Skald on Nov 19, 2019.
             Was the Champion of Okawaru.
             Killed from afar by Frances (36 damage)
             ... with an iron shot
             ... on level 13 of the Dungeon.
             The game lasted 01:15:52 (14932 turns).

Leeroy the Fighter (Yellow Draconian Skald)        Turns: 14932, Time: 01:15:52

Health: -6/156     AC: 29    Str: 14    XL:     11   Next: 98%
Magic:  14/22      EV:  2    Int: 13    God:    Okawaru [******]
Gold:   390        SH:  5    Dex: 22    Spells: 2/24 levels left

rFire    + . .     SeeInvis .   L - +3 quarterstaff (speed)
rCold    . . .     Gourm    .   (shield currently unavailable)
rNeg     + + +     Faith    .   (armour unavailable)
rPois    +         Spirit   .   (helmet currently unavailable)
rElec    .         Reflect  +   (cloak currently unavailable)
rCorr    .         Harm     .   (gloves currently unavailable)
MR       +....     NoTele   +   (boots currently unavailable)
Stlth    ++++......             B - amulet "Ciffuus" {Reflect rPois rF+ SH+5}
HPRegen  0.36/turn              g - ring of protection from magic
MPRegen  0.18/turn              X - ring of Pum Wior {AC+4 Dex+3}

@: agile, tree-form, heroism, very slightly contaminated
A: (spit acid), unfitting armour, AC +7
a: Heroism, Finesse, Renounce Religion


You were on level 13 of the Dungeon.
You worshipped Okawaru.
Okawaru was exalted by your worship.
You were not hungry.
You were a tree.
You visited 3 branches of the dungeon, and saw 15 of its levels.

You collected 762 gold pieces.
You spent 372 gold pieces at shops.

Inventory:

Hand Weapons
 a - a +3 scimitar of holy wrath
 F - the +9 quarterstaff of Absolution {drain, Str+2}
   (You found it on level 10 of the Dungeon)

   A truly terrible weapon, it drains the life of those it strikes.
   It affects your strength (+2).
 L - a +3 quarterstaff of speed (weapon)
 O - a +0 hunting sling of freezing
Missiles
 i - 12 atropa-tipped darts (quivered)
 t - 17 poisoned darts
 G - 89 sling bullets
 I - 3 silver javelins
 P - 6 boomerangs of dispersal
Armour
 v - a +1 pair of boots of flying (melded)
Jewellery
 g - a ring of protection from magic (left branch)
 m - an uncursed ring of protection from fire
 B - the amulet "Ciffuus" (around neck) {Reflect rPois rF+ SH+5}
   (You took it off a centaur on level 12 of the Dungeon)

   [amulet of reflection]

   It shields you and reflects attacks.
   It protects you from fire.
   It protects you from poison.
   It affects your SH (+5).
 X - the ring of Pum Wior (right branch) {AC+4 Dex+3}
   (You found it on level 10 of the Dungeon)

   [ring of protection]

   It affects your AC (+4).
   It affects your dexterity (+3).
Wands
 b - a wand of enslavement (8)
 l - a wand of iceblast (9)
 q - a wand of random effects (24)
 H - a wand of scattershot (4)
 Q - a wand of polymorph (8)
 R - a wand of digging (7)
 U - a wand of paralysis (9)
 W - a wand of clouds (8)
 Y - a wand of flame (9)
 Z - a wand of disintegration (10)
Scrolls
 k - 2 scrolls of enchant armour {unknown}
 n - 3 scrolls of amnesia
 o - 2 scrolls of enchant weapon
 s - 8 scrolls of remove curse
 u - 6 scrolls of blinking
 w - a scroll of fog {unknown}
 C - 3 scrolls of teleportation
 D - 2 scrolls of immolation {unknown}
 K - 2 scrolls of random uselessness {unknown}
 N - 2 scrolls of acquirement {unknown}
 S - a scroll of brand weapon
Potions
 e - a potion of flight {unknown}
 f - a potion of berserk rage
 h - 2 potions of might
 j - a potion of ambrosia {unknown}
 p - 2 potions of invisibility {unknown}
 r - 2 potions of magic {unknown}
 x - 2 potions of brilliance {unknown}
 y - a potion of degeneration {unknown}
 z - 5 potions of curing
 A - a potion of agility
 J - 2 potions of cancellation {unknown}
 M - 2 potions of haste {unknown}
 T - 4 potions of lignification
 V - 3 potions of mutation
Miscellaneous
 E - a fan of gales
Comestibles
 c - 15 rations
 d - 6 chunks of flesh


   Skills:
 - Level 12.0(17.0) Fighting
 - Level 8.0(13.0) Long Blades
 - Level 5.0(10.0) Staves
 - Level 6.3(11.3) Dodging
 - Level 7.4 Spellcasting
 - Level 1.0 Hexes
 - Level 3.1 Charms
 - Level 8.0 Fire Magic
 + Level 2.2 Air Magic


You had 2 spell levels left.
You knew the following spells:

 Your Spells              Type           Power        Failure   Level  Hunger
b - Spectral Weapon       Hex/Chrm       ##......     19%         3    ##.....
c - Regeneration          Chrm/Necr      #.........   22%         3    ##.....
d - Shroud of Golubria    Chrm/Tloc      #.....       12%         2    #......
e - Animate Skeleton      Necr           N/A          14%         1    None
f - Lightning Bolt        Conj/Air       #.........   95%         5    ######.
g - Ignition              Fire           ####......   100%        8    #######

Your spell library contained the following spells:

 Spells                   Type           Power        Failure   Level  Hunger
 Infusion                 Chrm           ##..         4%          1    None
 Song of Slaying          Chrm           ##......     6%          2    #......
 Confusing Touch          Hex            #.....       10%         1    None
 Apportation              Tloc           #.....       14%         1    None
 Summon Small Mammal      Summ           #...         14%         1    None
 Static Discharge         Conj/Air       #.......     28%         3    ##.....
 Shatter                  Erth           #.........   100%        9    #######
 Tornado                  Air            ##........   100%        9    #######


Dungeon Overview and Level Annotations

Branches:
Dungeon (13/15)            Temple (1/1) D:4            Lair (0/6) D:10
    Orc (1/2) D:12
 Vaults: D:13-14

Altars:
Ashenzari
Dithmenos
Elyvilon
Fedhas
Gozag
Nemelex Xobeh
Okawaru
Qazlal
Ru
Trog
Uskayaw
Vehumet
Wu Jian
Xom
Yredelemnul
Zin

Shops:
D:6 ?   D:7 }   D:12 !

Annotations:
D:4 Natasha
D:13 Frances


Innate Abilities, Weirdness & Mutations

((You can spit globs of acid.))
((Your golden yellow scales are hard. (AC +7)))
You cannot fit into any form of body armour.
((You are cold-blooded and may be slowed by cold attacks.))
((You are resistant to acid. (rCorr)))


Message History

Frances closely misses you.
You closely miss Frances.
Frances is heavily wounded.
Your spectral weapon closely misses Frances.
Frances screams a word of power!
The iron shot hits you!!
* * * LOW HITPOINT WARNING * * *
Okay, then.
Okay, then.
Really quaff the potion of lignification?
You turn into a tree.
Your +1 pair of boots of flying melds into your body.
You float gracefully downwards.
Your roots penetrate the ground.
Frances screams a word of power!
You closely miss Frances.
Frances is moderately wounded.
Your spectral weapon hits Frances!
Frances screams a word of power!
The iron shot hits you!!!
You die...

################################
................................
.####......#.....###............
.# #......#.....# #...#......##
.####......#....(###............
................♣@a4............
.......#'##############.........
########........# #.........
#...............# #.###.....
#...............# #.# ....
#.....##...###### #.. ...
#.....##...# ### .. ###'####...#
. .......#...#


You could see Frances, an ice devil, a worker ant and a friendly spectral +3
quarterstaff of speed.

Vanquished Creatures
  2 two-headed ogres
  An unseen horror (D:11)
  2 orc knights
  A deep elf mage (D:12)
  An ugly thing (D:11)
  3 slime creatures
  3 hippogriffs
  3 wyverns
  2 wraiths
  2 basilisks (D:10)
  Grum (D:8)
  4 hogs (D:10)
  3 yaks (D:10)
  A human (D:10)
  2 hungry ghosts
  2 vampire mosquitoes (D:12)
  An acid dragon (D:12)
  2 porcupines (D:10)
  An ice beast (D:10)
  2 black bears
  4 orc warriors
  A sky beast (D:9)
  A necrophage (D:8)
  7 ogres
  An eye of draining (D:10)
  4 wolves (D:7)
  2 phantoms
  13 centaurs
  A big kobold (D:7)
  3 crocodiles (D:10)
  6 bullfrogs
  A gnoll sergeant (D:8)
  2 wyvern skeletons
  6 scorpions
  4 killer bees (D:11)
  4 howler monkeys
  2 crimson imps
  2 bullfrog zombies
  A quasit (D:7)
  4 centaur zombies
  2 hounds
  2 jellies
  10 orc wizards
  16 orc priests
  4 bullfrog skeletons
  Jessica (D:2)
  2 centaur skeletons
  3 iguanas
  5 worker ants
  2 hound skeletons
  3 worker ant zombies
  8 gnolls
  A howler monkey skeleton (D:11)
  15 adders
  2 shadow imps
  An ooze (D:7)
  2 adder skeletons
  A worm (D:5)
  2 dart slugs
  6 leopard geckos
  55 orcs
  2 ball pythons
  A giant cockroach (D:1)
  11 goblins
  3 hobgoblins
  4 jackals
  8 quokkas
  6 bats
  5 frilled lizards
  9 kobolds
  A quokka zombie (D:5)
  7 rats
308 creatures vanquished.

Vanquished Creatures (collateral kills)
  Joseph (D:10)
  A water moccasin (D:9)
  A hound (D:9)
3 creatures vanquished.

Vanquished Creatures (others)
  A bullfrog (D:6)
  An orc wizard (D:10)
  A worker ant (D:6)
  A giant cockroach (D:6)
  A jackal (D:6)
  4 fungi (D:10)
  2 plants (D:10)
  5 spectral weapons
16 creatures vanquished.

Grand Total: 327 creatures vanquished

Notes
Turn   | Place    | Note
-------+----------+-------------------------------------------
     0 | D:1      | Leeroy the Draconian Skald began the quest for the Orb.
     0 | D:1      | Reached XP level 1. HP: 17/17 MP: 3/3
   165 | D:1      | Reached XP level 2. HP: 21/24 MP: 5/5
   751 | D:1      | Reached XP level 3. HP: 22/29 MP: 6/6
  1142 | D:2      | Noticed Jessica
  1151 | D:2      | Killed Jessica
  1177 | D:2      | Learned a level 3 spell: Spectral Weapon
  1201 | D:2      | Reached XP level 4. HP: 22/36 MP: 3/7
  1330 | D:2      | Found a bloodstained altar of Trog.
  1494 | D:2      | Found a white marble altar of Elyvilon.
  1726 | D:2      | Learned a level 3 spell: Regeneration
  1917 | D:3      | Reached skill level 5 in Long Blades
  2335 | D:3      | Reached XP level 5. HP: 15/41 MP: 8/8
  3302 | D:4      | Reached XP level 6. HP: 21/48 MP: 8/10
  3337 | D:4      | Noticed Natasha
  3347 | D:5      | Entered Level 5 of the Dungeon
  3689 | D:5      | Found a shattered altar of Ashenzari.
  3691 | D:5      | Found a stormy altar of Qazlal.
  3773 | D:4      | Found a staircase to the Ecumenical Temple.
  3942 | Temple   | Entered the Ecumenical Temple
  3996 | Temple   | Became a worshipper of Warmaster Okawaru
  4273 | D:5      | Found a hide-covered altar of Uskayaw.
  4347 | D:5      | Reached skill level 5 in Spellcasting
  4347 | D:5      | Your scales start taking on a golden yellow colour.
  4347 | D:5      | Reached XP level 7. HP: 31/55 MP: 4/14
  4347 | D:5      | Gained mutation: You are resistant to acid. (rCorr) [Yellow
                  | Draconian growth]
  4658 | D:5      | Found a sparkling altar of Nemelex Xobeh.
  4926 | D:6      | Found an iron altar of Okawaru.
  5004 | D:6      | Found Govvuima's Magic Scroll Shoppe.
  5009 | D:6      | Bought a scroll of brand weapon for 240 gold pieces
  5132 | D:6      | Reached * piety under Okawaru
  5178 | D:6      | Found a shimmering altar of Xom.
  5608 | D:6      | Reached XP level 8. HP: 44/61 MP: 15/18
  5980 | D:7      | Reached skill level 3 in Fighting
  6006 | D:7      | HP: 3/63 [poisoned by a scorpion]
  6022 | D:6      | Reached skill level 4 in Fighting
  6288 | D:7      | Reached skill level 5 in Fighting
  6360 | D:7      | Found Obluqyer's Gadget Shoppe.
  6486 | D:7      | Reached skill level 6 in Fighting
  6629 | D:7      | Reached ** piety under Okawaru
  6754 | D:7      | Reached skill level 7 in Fighting
  7018 | D:8      | Reached XP level 9. HP: 78/79 MP: 20/20
  7023 | D:8      | Noticed Grum
  7973 | D:8      | Killed Grum
  8109 | D:9      | Noticed a freezing wraith
  8109 | D:9      | Noticed a cyclops
  8131 | D:8      | Reached *** piety under Okawaru
  8131 | D:8      | Reached skill level 1 in Hexes
  9042 | D:8      | Noticed a two-headed ogre
  9255 | D:7      | Killed a two-headed ogre
  9255 | D:7      | Reached skill level 9 in Fighting
  9716 | D:8      | Reached XP level 10. HP: 89/91 MP: 21/21
  9923 | D:9      | Reached **** piety under Okawaru
  9953 | D:9      | Learned a level 1 spell: Summon Small Mammal
  9956 | D:9      | Learned a level 2 spell: Shroud of Golubria
  9958 | D:9      | Learned a level 1 spell: Animate Skeleton
 10303 | D:9      | Noticed a two-headed ogre
 10314 | D:9      | Killed a two-headed ogre
 10314 | D:9      | Reached skill level 10 in Fighting
 10390 | D:9      | Found a sparkling altar of Nemelex Xobeh.
 10538 | D:10     | Entered Level 10 of the Dungeon
 10569 | D:10     | Reached skill level 5 in Dodging
 10588 | D:10     | Reached ***** piety under Okawaru
 10857 | D:10     | Noticed Joseph
 10889 | D:10     | Killed Joseph
 11001 | D:10     | Got an ancient quarterstaff
 11002 | D:10     | Identified the +9 quarterstaff of Absolution {drain, Str+2}
                  | (You found it on level 10 of the Dungeon)
 11033 | D:10     | Found a staircase to the Lair.
 11391 | D:10     | Reached skill level 1 in Staves
 11497 | D:10     | Received a gift from Okawaru
 11628 | D:10     | Reached skill level 5 in Staves
 11730 | D:10     | Got a scorched platinum ring
 11752 | D:10     | Reached XP level 11. HP: 61/101 MP: 22/22
 11761 | D:10     | Reached skill level 11 in Fighting
 12038 | D:11     | Received a gift from Okawaru
 12124 | D:11     | Identified the ring of Pum Wior {AC+4 Dex+3} (You found it
                  | on level 10 of the Dungeon)
 12165 | D:11     | Killed an unseen horror
 12291 | D:11     | Learned a level 5 spell: Lightning Bolt
 12300 | D:11     | Learned a level 8 spell: Ignition
 12312 | D:11     | Reached skill level 12 in Fighting
 12369 | D:11     | Noticed an orc knight
 12398 | D:11     | Killed an orc knight
 12973 | D:12     | Noticed a deep elf mage
 12992 | D:12     | Killed a deep elf mage
 12992 | D:12     | Reached skill level 5 in Fire Magic
 13138 | D:12     | Identified the amulet "Ciffuus" {Reflect rPois rF+ SH+5}
 13859 | D:12     | Reached ****** piety under Okawaru
 13978 | D:12     | Noticed a cyan ugly thing
 13979 | D:12     | Found Igahuck's Distillery.
 13990 | D:12     | Bought a potion of heal wounds for 60 gold pieces
 13990 | D:12     | Bought 2 potions of curing for 72 gold pieces
 14024 | D:11     | Killed a cyan ugly thing
 14024 | D:11     | Received a gift from Okawaru
 14495 | D:12     | Found a staircase to the Orcish Mines.
 14562 | Orc:1    | Entered Level 1 of the Orcish Mines
 14588 | Orc:1    | Noticed an orc knight
 14722 | D:12     | Killed an orc knight
 14722 | D:12     | Reached skill level 1 in Air Magic
 14908 | D:13     | Noticed Frances
 14932 | D:13     | Killed from afar by Frances

Levels and vault maps discovered:
D:1:      elethiomel_arrival_quiet, layout_loops_corners,
          chequers_serial_rivers_marsh
D:2:      layout_loops_ring, elyvilon_altar_5, bloody_trog, first_ration,
          uniq_jessica
D:3:      layout_basic, wander_ebering_terrifying_dragon_lair
D:4:      layout_basic, led_sif_book, grunt_temple_overflow_open,
          minmay_temple_entry_from_below_a, fedhas_altar_fruit_tree,
          uniq_natasha
D:5:      layout_loops_ring, lemuel_round_altar,
          nemelex_xobeh_ov_fountains_minmay, nicolae_qazlal_general_emergency,
          basic_altar
D:6:      layout_loops_ring, xom_confusion_cloud, basic_altar, serial_shops,
          shop
D:7:      layout_rooms, serial_shops, nicolae_shop_waterfront
D:8:      layout_cave_pools, hangedman_decor_growths, minmay_misc_feat_five,
          uniq_grum
D:9:      layout_roguey, nemelex_diamond_rough_becter
D:10:     layout_roguey, minmay_lair_entry_grove, grunt_livestock,
          minmay_misc_feat_more_columns, uniq_joseph
D:11:     layout_loops_ring
D:12:     layout_gridville, hiddenorc2_lemuel, serial_shops, shop,
          serial_park_tiny_pond
D:13:     layout_stronghold, hangedman_vaults_entry_quadrant_bands,
          minmay_fractal_squares_diagonal_5, uniq_frances
Temple:   eino_wide_crystal_templ
Orc:1:    layout_caves, uniq_nergalle

Skill      XL: |  1  2  3  4  5  6  7  8  9 10 11 |
---------------+----------------------------------+-----
Long Blades    | 3 4 5 6 8 |  8.0
Spellcasting   | 5 7 |  7.4
Fighting       | 7 9 10 12 | 12.0
Dodging        | 4 6 |  6.3
Hexes          | 1 |  1.0
Charms         | 3 |  3.1
Staves         | 5 |  5.0
Fire Magic     | 8 |  8.0
Air Magic      | 2 |  2.2

Action                   |  1- 3 |  4- 6 |  7- 9 | 10-12 || total
-------------------------+-------+-------+-------+-------++-------
Melee: Falchion          |    68 |   124 |       |       ||   192
       Tailslap          |     8 |    23 |    43 |    75 ||   149
       Flail             |       |    95 |   332 |   105 ||   532
       Quarterstaff      |       |       |       |   378 ||   378
       Scimitar          |       |       |       |    20 ||    20
 Fire: Hunting sling     |       |    13 |     8 |       ||    21
       Longbow           |       |       |     5 |       ||     5
Throw: Boomerang         |       |       |     5 |     9 ||    14
       Dart              |       |       |       |     8 ||     8
       Javelin           |       |       |       |     3 ||     3
 Cast: Infusion          |     2 |       |       |       ||     2
       Spectral Weapon   |       |     5 |    17 |    10 ||    32
       Regeneration      |       |     2 |     1 |     1 ||     4
       Animate Skeleton  |       |       |       |     5 ||     5
       Shroud of Golubri |       |       |       |     2 ||     2
       Summon Small Mamm |       |       |       |     5 ||     5
Invok: Heroism           |       |       |     3 |     1 ||     4
 Abil: Breathe Acid      |       |       |     3 |    11 ||    14
Evoke: Wand              |       |       |       |     3 ||     3
  Use: Potion            |       |       |     3 |     5 ||     8
       Scroll            |       |       |       |    18 ||    18
 Stab: Sleeping          |     1 |     2 |     2 |     2 ||     7
       Distracted        |       |       |       |     1 ||     1
  Eat: Chunk             |     1 |    11 |    16 |    20 ||    48
       Ration            |       |       |     1 |     1 ||     2
Armor: Skin              |    12 |   104 |   197 |   127 ||   440
Dodge: Dodged            |    47 |   191 |   374 |   377 ||   989
Block: Other             |       |       |       |   118 ||   118
       Reflection        |       |       |       |     6 ||     6
       Rpst.: Falchion   |    16 |    33 |       |       ||    49
       Scimitar          |       |       |       |     6 ||     6

Table legend:
 A = Non-vault XP
 B = Vault XP
 C = Vault XP percentage of total XP
 D = Non-vault monster count
 E = Vault monster count
 F = Vault count percentage of total count
                 A         B        C        D         E       F
            +---------+---------+-------+---------+---------+-------
      Total |   17652 |    4002 |  18.5 |     253 |      59 |  18.9
            +---------+---------+-------+---------+---------+-------
        D:1 |      48 |       0 |   0.0 |      21 |       0 |   0.0
        D:2 |      70 |      37 |  34.6 |      20 |       1 |   4.8
        D:3 |     137 |       1 |   0.7 |      14 |       1 |   6.7
        D:4 |     235 |       0 |   0.0 |       9 |       0 |   0.0
        D:5 |     624 |       0 |   0.0 |      27 |       0 |   0.0
        D:6 |     617 |      74 |  10.7 |      12 |       2 |  14.3
        D:7 |    1940 |     465 |  19.3 |      22 |       4 |  15.4
        D:8 |    1138 |     201 |  15.0 |      28 |       1 |   3.4
        D:9 |    1929 |       0 |   0.0 |      15 |       0 |   0.0
       D:10 |    1092 |    2936 |  72.9 |      22 |      18 |  45.0
       D:11 |    4922 |       0 |   0.0 |      29 |       0 |   0.0
       D:12 |    4632 |     288 |   5.9 |      28 |      32 |  53.3
       D:13 |     223 |       0 |   0.0 |       3 |       0 |   0.0
      Orc:1 |      45 |       0 |   0.0 |       3 |       0 |   0.0
            +---------+---------+-------+---------+---------+-------
